 Dungeon Crawl Stone Soup version 0.17-a0-1970-g7a13dd1 (webtiles) character file.

44 HungrySpirit the Chopper (level 3, -8/29 HPs)
             Began as a Centaur Warper on Oct 4, 2015.
             Killed from afar by Natasha (9 damage)
             ... with a magic dart
             ... on level 2 of the Dungeon.
             The game lasted 00:01:57 (1637 turns).

HungrySpirit the Chopper (Centaur Warper)           Turns: 1637, Time: 00:01:58

Health: -8/29      AC:  4    Str: 14    XL:     3   Next: 41%
Magic:  5/5        EV:  9    Int: 12    God:
Gold:   71         SH:  0    Dex:  8    Spells: 1 memorised, 4 levels left

rFire  . . .     SeeInvis .     a - +0 hand axe
rCold  . . .     Clarity  .     b - +0 leather armour
rNeg   . . .     SustAt   .     (no shield)
rPois  .         Gourm    .     (no helmet)
rElec  .         Spirit   .     (no cloak)
rCorr  .         Warding  .     (no gloves)
rMut   .         Stasis   .     (no barding)
MR     .....                    (no amulet)
Stlth  ..........               (no ring)
                                k - ring of loudness (curse)

@: very quick, not resistant to hostile enchantments, extremely unstealthy
A: hooves 3, deformed body, speed 2, tough skin 3
a: no special abilities


You were on level 2 of the Dungeon.
You were hungry.

You visited 1 branch of the dungeon, and saw 2 of its levels.

You collected 71 gold pieces.

Inventory:

Hand weapons
 a - a +0 hand axe (weapon)
Missiles
 e - 5 tomahawks of dispersal (quivered)
Armour
 b - a +0 leather armour (worn)
Jewellery
 k - a cursed ring of loudness (left hand)
Scrolls
 d - a scroll of blinking
 i - a scroll of remove curse {unknown}
 l - a scroll of immolation {unknown}
Potions
 g - 3 potions of heal wounds {unknown}
 j - a potion of magic
Books
 c - a book of Spatial Translocations

   Spells                             Type                      Level
   a - Apportation                    Translocation                1
   b - Blink                          Translocation                2
   c - Shroud of Golubria             Charms/Translocation         2
   d - Portal Projectile              Translocation                3
   e - Teleport Other                 Translocation                3
   f - Passage of Golubria            Translocation                4
Comestibles
 f - a bread ration
 h - a slice of pizza
 m - 2 chunks of flesh


   Skills:
 - Level 2.0 Fighting
 * Level 3.5 Axes
 - Level 1.3 Throwing
 - Level 0.6 Armour
 - Level 1.3 Dodging
 - Level 1.5 Spellcasting
 - Level 2.6 Translocations


You had 4 spell levels left.
You knew the following spells:

 Your Spells              Type           Power        Failure   Level  Hunger
a - Apportation           Tloc           #.........   14%         1    ##.....


Dungeon Overview and Level Annotations

Branches:
Dungeon (2/15)

Altars:
Fedhas
Nemelex Xobeh

Annotations:
D:2 Natasha


Innate Abilities, Weirdness & Mutations

You have hooves in place of feet.
Armour fits poorly on your strangely shaped body.
You cover ground very quickly.
You have extremely tough skin (AC +3).


Message History

Natasha claws you but does no damage.
You barely miss Natasha. Your kick misses Natasha.
Natasha is heavily wounded.
Natasha claws you!
You barely miss Natasha.
Natasha is heavily wounded.
Natasha misses you.
You miss Natasha. You kick Natasha, but do no damage.
Natasha is heavily wounded.
Natasha claws you.
* * * LOW HITPOINT WARNING * * *
You hit Natasha.
Natasha is almost dead.
Natasha claws you!
* * * LOW HITPOINT WARNING * * *
You closely miss Natasha.
Natasha is almost dead.
Natasha casts a spell at you. The magic dart hits you!
You die...

#. #.# #.# #.
#.####.### #.
##.##.....# #.
##...##....# #.
##.....##...#
#.###..†....#...#
#^#....._.......#
#...#.......#...###
######.....##...@h#
##...##....#.#
###.##...#.#.#
#.#.####.#<#.#
#...# #.#.#.# #.###
#.#.#.# #.# #.#.#..
#.# #.#.### #.#
#.#.#


You could see Natasha.

Vanquished Creatures
  An adder (D:1)
  A giant gecko (D:1)
  A ball python (D:1)
  3 giant cockroaches
  A goblin (D:1)
  9 hobgoblins
  3 jackals (D:1)
  2 bats (D:1)
  A giant newt (D:1)
  6 kobolds (D:1)
  3 rats (D:1)
31 creatures vanquished.

Notes
Turn   | Place    | Note
--------------------------------------------------------------
     0 | D:1      | HungrySpirit the Centaur Warper began the quest for the Orb.
     0 | D:1      | Reached XP level 1. HP: 17/17 MP: 3/3
   413 | D:1      | Reached XP level 2. HP: 24/24 MP: 4/4
   951 | D:1      | Found a sparkling altar of Nemelex Xobeh.
   971 | D:1      | Reached skill level 3 in Axes
  1336 | D:1      | Reached XP level 3. HP: 22/29 MP: 5/5
  1552 | D:2      | Found a blossoming altar of Fedhas.
  1618 | D:2      | Noticed Natasha
  1636 | D:2      | HP: 1/29 [Natasha (7)]
  1637 | D:2      | Killed from afar by Natasha

Vault maps used:
D:1:      erik_arrival_cave_to_civilisation, nemelex_deck
D:2:      grunt_temple_overflow_holy_war, lemuel_round_altar, uniq_jessica,
          uniq_natasha

Action                   || total
-------------------------++-------
Melee: Hand axe          ||   127
  Use: Scroll            ||     2
  Eat: Chunk             ||     1
